 Dungeon Crawl Stone Soup version 0.29.0-4-gdea44cf6ec (webtiles) character file.

Game seed: 15705070519696737425

149 qw the Chopper (level 5, -1/30 HPs)
             Began as a Tengu Warper on Aug 28, 2022.
             Slain by an ogre
             ... wielding a +0 giant spiked club
              (21 damage)
             ... on level 4 of the Dungeon.
             The game lasted 00:00:17 (2804 turns).

qw the Chopper (Tengu Warper)                       Turns: 2804, Time: 00:00:17

Health: -1/30      AC:  7    Str: 13    XL:     5   Next: 31%
Magic:  9/9        EV: 13    Int: 14    God:
Gold:   143        SH:  0    Dex: 13    Spells: 8/8 levels left

rFire   + . .      SeeInvis .   Y - +1 hand axe
rCold   . . .      Faith    .   (no shield)
rNeg    . . .      Spirit   .   a - +2 ring mail {rF+}
rPois   .          Reflect  .   (helmet restricted)
rElec   .          Harm     .   (no cloak)
rCorr   .          Rampage  .   (no gloves)
Will    .....                   (boots unavailable)
Stlth   +.........              (no amulet)
HPRegen 0.10/turn               (no ring)
MPRegen 0.11/turn               (no ring)

@: flying quickly and evasively, quick
A: beak, talons 3, nimble flight
a: no special abilities


You were on level 4 of the Dungeon.
You visited 1 branch of the dungeon, and saw 4 of its levels.

You collected 143 gold pieces.


Innate Abilities, Weirdness & Mutations

You have a beak for a mouth.
You have claws for feet.
Your magical nature lets you fly swiftly and evasively.


   Skills:
 - Level 2.0 Fighting
 + Level 5.9 Axes
 - Level 1.0 Throwing
 - Level 1.1 Armour
 - Level 2.1 Dodging
 - Level 2.0 Spellcasting
 - Level 2.4 Translocations


You had 8 spell levels left.
You didn't know any spells.
Your spell library contained the following spells:

 Spells                   Type           Power      Damage    Failure   Level
 Blink                    Tloc           16%        N/A       28%         2
 Gell's Gravitas          Tloc           8%         N/A       50%         3
 Lesser Beckoning         Tloc           8%         N/A       50%         3
 Teleport Other           Tloc           8%         N/A       50%         3
 Manifold Assault         Tloc           8%         N/A       99%         5

Inventory:

Hand Weapons
 b - a +3 whip of flaming
 Y - a +1 hand axe (weapon)
Armour
 a - a +2 ring mail of fire resistance (worn)
Scrolls
 j - a scroll of identify
 l - 2 scrolls of teleportation
Potions
 c - a potion of mutation
 e - a potion of cancellation {unknown}
 f - a potion of brilliance {unknown}
 g - a potion of resistance {unknown}
 h - a potion of lignification {unknown}
 i - a potion of heal wounds {unknown}
 m - a potion of might {unknown}
 o - a potion of ambrosia {unknown}

Dungeon Overview and Level Annotations

Branches:
Dungeon (4/15)
 Temple: D:4-7

Altars:


Message History

Where to? (* - list waypoints, Enter - D:3, ? - help)
What level of the Dungeon? (default 1, ? - help)
A nearby plant withers and dies.
Your endoplasm hits the plant.
The plant begins to die.
A nearby plant withers and dies.
Your endoplasm hits the plant.
A nearby plant withers and dies.
Your endoplasm splashes around in the water.
Your endoplasm hits the plant.
The plant begins to die.
Your endoplasm hits the plant.
Your endoplasm splashes around in the water.
A nearby plant withers and dies.
There is an escape hatch in the floor here.
There is a stone staircase leading down here.
You fly downwards.
The hobgoblin shouts!
Found 3 stones and 3 poisoned darts.
There is a stone staircase leading up here.
A hobgoblin is nearby!
Existing waypoints: (1) D:2 (2) D:3 Assign waypoint to what number? (0-9, D - delete waypoint) Waypoint 1 re-assigned from D:2 to D:4.
You hit the hobgoblin. Your punch misses the hobgoblin.
The hobgoblin is severely wounded.
The hobgoblin misses you.
You hit the hobgoblin. You peck the hobgoblin.
You kill the hobgoblin!
Found a scroll of blinking.
An ogre comes into view. It is wielding a +0 giant spiked club.
2796 ||| Stepping ~*~*~tactically~*~*~ (stealth).
The ogre shouts!
An ogre is nearby!
You hit the ogre.
The ogre is lightly wounded.
The ogre hits you with a +0 giant spiked club!
You hit the ogre but do no damage. You peck the ogre.
The ogre is moderately wounded.
The ogre hits you with a +0 giant spiked club!!
Ouch! That really hurt!
You die...

### #.# ### #.## #.#
###.#####.#
##........###
###.....#...@O#
###....#..#...#...#
#.<..###.....####....#
....(### #?....# ..##
....## #....## .# ..(.
##...# .# .... #..## .
.... #.. ....


You could see an ogre.

Vanquished Creatures
  2 hounds
  4 adders
  A worm (D:2)
  2 dart slugs
  2 bats
  5 endoplasms
  3 giant cockroaches
  6 goblins
  4 hobgoblins
  5 kobolds
  3 quokkas
  4 ball pythons
  2 frilled lizards
  A rat (D:1)
44 creatures vanquished.

Vanquished Creatures (others)
  6 plants (D:3)
6 creatures vanquished.

Grand Total: 50 creatures vanquished

Notes
Turn   | Place    | Note
-------+----------+-------------------------------------------
     0 | D:1      | qw the Tengu Warper began the quest for the Orb.
     0 | D:1      | Reached XP level 1. HP: 12/12 MP: 4/4
     0 | D:1      | 0 ||| qw: Version: 0.1-a-89-g26bdef1
     0 | D:1      | 0 ||| qw: Game counter: 2472
     0 | D:1      | 0 ||| qw: Always use a shield: true
     0 | D:1      | 0 ||| qw: God list: Okawaru
     0 | D:1      | 0 ||| qw: Allow faded altars: false
     0 | D:1      | 0 ||| qw: Do Orc after D:15 true
     0 | D:1      | 0 ||| qw: Do second Lair branch before Depths: true
     0 | D:1      | 0 ||| qw: Lair rune preference: random
     0 | D:1      | 0 ||| qw: Plans: Normal
     0 | D:1      | 0 ||| PLANNING D:1-11
   143 | D:1      | 143 ||| Stepping ~*~*~tactically~*~*~ (stealth).
   148 | D:1      | 148 ||| Stepping ~*~*~tactically~*~*~ (stealth).
   151 | D:1      | Reached XP level 2. HP: 13/17 MP: 6/6
   152 | D:1      | Reached skill level 3 in Axes
   406 | D:1      | 406 ||| Stepping ~*~*~tactically~*~*~ (stealth).
   407 | D:1      | 407 ||| Stepping ~*~*~tactically~*~*~ (stealth).
   408 | D:1      | 408 ||| Stepping ~*~*~tactically~*~*~ (stealth).
   939 | D:1      | 939 ||| UPGRADING to +0 ring mail.
   949 | D:1      | 949 ||| DROPPING +0 leather armour.
   950 | D:1      | 950 ||| READING scroll labelled VOVVASS CYIRPHO.
   951 | D:1      | 951 ||| READING scroll labelled RAGEAGUDIA.
   954 | D:1      | 954 ||| READING scroll labelled VATAUN ICRECKEGI.
   955 | D:1      | 955 ||| READING 2 scrolls labelled NESOAC LUERIGA.
   956 | D:1      | 956 ||| READING scroll labelled ZAQYNU MUHORPH.
   957 | D:1      | 957 ||| READING scroll labelled RAWKI DUSAGOH.
   958 | D:1      | 958 ||| DROPPING scroll of blinking.
   959 | D:1      | 959 ||| DROPPING scroll of fog.
  1004 | D:2      | Reached XP level 3. HP: 18/21 MP: 7/7
  1004 | D:2      | 1004 ||| STAIRDANCE
  1087 | D:2      | Reached skill level 4 in Axes
  1143 | D:2      | 1143 ||| DROPPING +0 whip.
  1163 | D:2      | 1163 ||| Stepping ~*~*~tactically~*~*~ (stealth).
  1340 | D:2      | 1340 ||| Stepping ~*~*~tactically~*~*~ (hiding).
  1447 | D:2      | Reached skill level 5 in Axes
  1447 | D:2      | Reached XP level 4. HP: 14/26 MP: 8/8
  1651 | D:2      | Found a faded altar of an unknown god.
  1726 | D:2      | 1726 ||| UPGRADING to +2 ring mail of fire resistance.
  1736 | D:2      | 1736 ||| DROPPING +0 ring mail.
  1758 | D:2      | 1758 ||| Stepping ~*~*~tactically~*~*~ (stealth).
  1878 | D:3      | 1878 ||| Stepping ~*~*~tactically~*~*~ (stealth).
  1889 | D:3      | 1889 ||| Stepping ~*~*~tactically~*~*~ (stealth).
  1890 | D:3      | 1890 ||| Stepping ~*~*~tactically~*~*~ (stealth).
  2294 | D:3      | 2294 ||| Stepping ~*~*~tactically~*~*~ (stealth).
  2320 | D:3      | Gained mutation: Your magical nature lets you fly swiftly
                  | and evasively. [Tengu growth]
  2320 | D:3      | Reached XP level 5. HP: 21/30 MP: 9/9
  2737 | D:3      | 2737 ||| DROPPING +2 leather armour of cold resistance.
  2738 | D:3      | 2738 ||| READING scroll labelled YNALOBU MYCWEL.
  2739 | D:3      | 2739 ||| READING scroll labelled DAMUCK DENU.
  2740 | D:3      | 2740 ||| READING 3 scrolls of identify.
  2740 | D:3      | 2740 ||| IDENTIFYING black potion
  2741 | D:3      | 2741 ||| READING 2 scrolls of identify.
  2741 | D:3      | 2741 ||| IDENTIFYING lumpy emerald potion
  2742 | D:3      | 2742 ||| DROPPING potion of attraction.
  2795 | D:4      | Noticed an ogre
  2796 | D:4      | 2796 ||| Stepping ~*~*~tactically~*~*~ (stealth).
  2804 | D:4      | Slain by an ogre

Levels and vault maps discovered:
D:1:      nicolae_arrival_washed_ashore, layout_rooms, minmay_statues_item,
          minmay_hedge_maze, minmay_tromino_v2
D:2:      layout_rooms, shapermc_ecumenical_altar_hornbeckon
D:3:      layout_basic, serial_bayou_lagoon_a
D:4:      layout_layer_cave, mainiacjoe_overflow_paths,
          minmay_temple_entry_stoned_glass, uniq_sigmund

Skill      XL: |  1  2  3 |
---------------+----------+-----
Axes           | 3 5 |  5.9
Fighting       | |  2.0
Throwing       | |  1.0
Armour         | |  1.1
Dodging        | |  2.1
Spellcasting   | |  2.0
Translocations | |  2.4

Action                   |  1- 3 |  4- 6 || total
-------------------------+-------+-------++-------
Melee: Hand axe          |    61 |    61 ||   122
       Kick              |    16 |    14 ||    30
       Peck              |     3 |     9 ||    12
       Punch             |     2 |       ||     2
Throw: Boomerang         |     7 |       ||     7
  Use: Scroll            |     6 |     4 ||    10
Armor: Leather armour    |     5 |       ||     5
       Ring mail         |     8 |    20 ||    28
Dodge: Dodged            |    28 |    32 ||    60

Table legend:
 A = Non-vault XP
 B = Vault XP
 C = Vault XP percentage of total XP
 D = Non-vault monster count
 E = Vault monster count
 F = Vault count percentage of total count
                 A         B        C        D         E       F
            +---------+---------+-------+---------+---------+-------
      Total |     210 |       3 |   1.4 |      42 |       2 |   4.5
            +---------+---------+-------+---------+---------+-------
        D:1 |      23 |       3 |  11.5 |      13 |       2 |  13.3
        D:2 |      94 |       0 |   0.0 |      13 |       0 |   0.0
        D:3 |      91 |       0 |   0.0 |      15 |       0 |   0.0
        D:4 |       2 |       0 |   0.0 |       1 |       0 |   0.0
            +---------+---------+-------+---------+---------+-------
